 Dungeon Crawl Stone Soup version 0.22-a0-480-g991dd4b (webtiles) character file.

96697 Amnesiac the Evocator (level 15, -2/84 HPs)
             Began as a Spriggan Artificer on June 16, 2018.
             Was an Initiate of Gozag.
             Killed from afar by a deep elf mage (26 damage)
             ... with an orb of energy
             ... on level 2 of the Elven Halls.
             The game lasted 01:32:10 (32708 turns).

Amnesiac the Evocator (Spriggan Artificer)         Turns: 32708, Time: 01:32:11

Health: -2/84      AC:  7    Str: 13    XL:     15   Next: 69%
Magic:  0/29       EV: 27    Int: 13    God:    Gozag
Gold:   2094       SH:  5    Dex: 18    Spells: 6/14 levels left

rFire    + . .     SeeInvis +   T - +4 quick blade (drain)
rCold    + . .     Gourm    .   c - +0 buckler (curse)
rNeg     . . .     Faith    .   S - +2 robe of Aclorphoaq {Slay+5}
rPois    .         Spirit   +   h - +2 hat
rElec    .         Reflect  .   r - +0 cloak
rCorr    .         Harm     .   (gloves unavailable)
MR       ++...                  (boots unavailable)
Stlth    ++++......             F - amulet of guardian spirit
HPRegen  0.24/turn              q - ring of protection from fire
MPRegen  0.21/turn              L - ring of protection from cold

@: gold aura, very quick
A: very small, unfitting armour, see invisible, herbivore, speed 3, low mp 1,
slow metabolism 2
a: Potion Petition, Call Merchant, Bribe Branch, Renounce Religion


You were on level 2 of the Elven Halls.
You worshipped Gozag.
Gozag was most pleased with you.
You were full.

You visited 5 branches of the dungeon, and saw 21 of its levels.
You also visited: Labyrinth and Sewer.

You collected 6635 gold pieces.
You spent 3641 gold pieces at shops.
You paid 900 gold pieces to Gozag.

Inventory:

Hand Weapons
 a - the +2 dagger "Meusa" {pierce, rF+ rC+ Str+6 Stlth+}
   (You found it on level 13 of the Dungeon)

   It inflicts extra damage upon your enemies.
   It affects your strength (+6).
   It protects you from fire.
   It protects you from cold.
   It makes you more stealthy.
 b - the +8 shortbow "Icuwuy" {venom, Str+7 Int+2 Dex-5}
   (You took it off a minotaur in a labyrinth)

   It poisons the ammo it fires.
   It affects your strength (+7).
   It affects your intelligence (+2).
   It affects your dexterity (-5).
 T - a +4 quick blade of draining (weapon)
 Y - a +0 rapier of electrocution
Missiles
 m - 9 curare-tipped needles
 s - 450 arrows
 M - 2 throwing nets (quivered)
Armour
 c - a cursed +0 buckler (worn)
 h - a +2 hat (worn)
 r - a +0 cloak (worn)
 S - the +2 robe of Aclorphoaq (worn) {Slay+5}
   (You bought it in a shop on level 2 of the Orcish Mines)

   It affects your accuracy and damage with ranged weapons and melee attacks
   (+5).
Jewellery
 q - a ring of protection from fire (left hand)
 E - a +6 ring of dexterity
 F - an amulet of guardian spirit (around neck)
 L - a ring of protection from cold (right hand)
Wands
 d - a wand of enslavement (41)
 e - a wand of random effects (56)
 D - a wand of iceblast (18)
 N - a wand of flame (69)
 O - a wand of polymorph (7)
 R - a wand of paralysis (9)
 U - a wand of digging (4)
 W - a wand of disintegration (13)
Scrolls
 i - 4 scrolls of amnesia {!r}
 j - 2 scrolls of teleportation {!r}
 n - 3 scrolls of enchant armour {!r}
 o - 4 scrolls of vulnerability {!r}
 p - 6 scrolls of fear {!r}
 v - a scroll of fog {!r}
 B - 2 scrolls of blinking {!r}
 H - a scroll of brand weapon {!r}
 I - 4 scrolls of remove curse {!r}
 Q - a scroll of holy word {!r}
Potions
 g - 5 potions of magic {!q}
 t - 4 potions of curing {!q}
 x - 5 potions of haste {!q}
 z - 4 potions of lignification {!q}
 A - 3 potions of cancellation {!q}
 C - 2 potions of resistance {!q}
 J - a potion of might {!q}
 X - a potion of agility {!q}
Miscellaneous
 k - a phantom mirror
 l - a box of beasts
 w - a lamp of fire
 y - a lightning rod (4/4)
 G - a phial of floods (inert)
 P - a fan of gales
 V - a sack of spiders
Comestibles
 f - 15 rations


   Skills:
 + Level 11.6 Fighting
 - Level 8.3 Short Blades
 - Level 11.0 Dodging
 - Level 8.3 Stealth
 * Level 25.2 Evocations


You had 6 spell levels left.
You knew the following spells:

 Your Spells              Type           Power        Failure   Level  Hunger
a - Animate Skeleton      Necr           N/A          45%         1    ##.....
b - Apportation           Tloc           #.....       45%         1    ##.....
c - Summon Small Mammal   Summ           #...         45%         1    ##.....
d - Sticks to Snakes      Tmut           #.......     61%         2    ###....
e - Passwall              Tmut/Erth      #.......     61%         2    ###....
z - Confusing Touch       Hex            #.....       45%         1    ##.....

Your spell library contained the following spells:

 Spells                   Type           Power        Failure   Level  Hunger
 Bolt of Magma            Conj/Fire/Erth #.........   100%        5    ######.
 Venom Bolt               Conj/Pois      #.........   100%        5    ######.
 Freeze                   Ice            #...         45%         1    ##.....
 Summon Ice Beast         Ice/Summ       #.......     99%         4    #####..
 Iron Shot                Conj/Erth      #.........   100%        6    #######
 Stone Arrow              Conj/Erth      #.....       83%         3    ####...
 Spider Form              Tmut/Pois      #.........   83%         3    ####...
 Blade Hands              Tmut           #.........   100%        5    ######.
 Ice Form                 Ice/Tmut       #.......     99%         4    #####..
 Metabolic Englaciation   Hex/Ice        #.........   100%        5    ######.
 Lee's Rapid Deconstruct  Erth           #.........   100%        5    ######.
 Sandblast                Erth           #.....       45%         1    ##.....
 Simulacrum               Ice/Necr       #.........   100%        6    #######
 Petrify                  Tmut/Erth      #.......     99%         4    #####..
 Orb of Destruction       Conj           #.........   100%        7    #######
 Beastly Appendage        Tmut           #.....       45%         1    ##.....
 Iskenderun's Battlesphe  Conj/Chrm      #.......     100%        5    ######.
 Spellforged Servitor     Conj/Summ      #.........   100%        7    #######


Dungeon Overview and Level Annotations

Branches:
Dungeon (15/15)            Temple (1/1) D:5            Lair (0/6) D:9
    Orc (2/2) D:12            Elf (2/3) Orc:2        Vaults (0/5) D:14
 Depths (1/5) D:15

Altars:
Ashenzari
Cheibriados
Dithmenos
Elyvilon
Fedhas
Gozag
Hepliaklqana
Kikubaaqudgha
Makhleb
Nemelex Xobeh
Okawaru
Qazlal
Ru
Sif Muna
Trog
Uskayaw
Vehumet
Wu Jian
Xom
Yredelemnul
Zin
The Shining One
Beogh

Shops:
Orc:2 %[(}(   Elf:1 }

Portals:
Abyss: Depths:1


Innate Abilities, Weirdness & Mutations

You are very small and have problems with some larger weapons.
You are too small for most types of armour.
You have supernaturally acute eyesight. (SInv)
You are a herbivore.
You cover ground extremely quickly.
You need to consume almost no food.
Your magical capacity is low. (-10% MP)


Message History

The vampiric halberd hits you!! What are your orders? t - Shout!
Orders for allies: a - Attack new target. r - Retreat! s - Stop attacking. g - Guard the area. f - Follow me.
Anything else - Cancel.
Gang up on whom?
Press: ? - help, Dir - move target cursor, f - vampiric halberd
Aim: a vampiric halberd (lightly damaged, engulfed in water) Attack!
The vampiric halberd hits you!
The vampiric halberd draws strength from your wounds!
You hit the vampiric halberd but do no damage.
Your unstable footing causes you to fumble your attack.
The vampiric halberd hits you!!
* * * LOW HITPOINT WARNING * * *
The vampiric halberd draws strength from your wounds!
You barely miss the vampiric halberd.
The vampiric halberd completely misses you.
The deep elf mage gestures at you while chanting.
The orb of energy misses you.
The orb of energy explodes!
The vampiric halberd hits you from afar!
* * * LOW HITPOINT WARNING * * *
The vampiric halberd draws strength from your wounds!
The deep elf mage closely misses you.
The vampiric halberd hits you from afar!
* * * LOW HITPOINT WARNING * * *
A long sword of holy wrath comes into view.
The vampiric halberd hits your water elemental!!
The deep elf mage barely misses you.
You close the door.
The vampiric halberd hits your water elemental!!
The deep elf mage hits you with a long sword.
* * * LOW HITPOINT WARNING * * *
The vampiric halberd hits your water elemental!!
Your water elemental is destroyed!
Evoke which item? (* to show all) (? for menu, Esc to quit)
Aiming: Enslavement
Press: ? - help, Shift-Dir - straight line, f - deep elf mage, p - vampiric halberd
Aim: a deep elf mage, wielding a long sword (chance to defeat MR: 75%)
The deep elf mage is charmed.
Your deep elf mage gestures wildly while chanting.
Your deep elf mage conjures a globe of magical energy!
The vampiric halberd slips free of the water.
Really quaff
u - a potion of heal wounds {!q}?
You feel much better.
The vampiric halberd hits you from afar!
* * * LOW HITPOINT WARNING * * *
The vampiric halberd draws strength from your wounds!
Okay, then.
The vampiric halberd misses you.
Your water elemental engulfs the vampiric halberd in water!
The vampiric halberd slips free of the water.
Evoke which item? (* to show all) (? for menu, Esc to quit)
Okay, then.
Unknown command.
Evoke which item? (* to show all) (? for menu, Esc to quit)
Okay, then.
Unknown command.
Your deep elf mage points at the vampiric halberd and mumbles some strange words.
The orb of energy hits the vampiric halberd.
The orb of energy explodes!
The mystic blast hits you!
You die...
Your body crumbles into a pile of gold.

.## ##.##
#.# ##.## #
##
##.#####'###
##.## # #
##)##.....#
##.## # $
##'#.....##
##.## #
##.......#
##.###
##.....).##
##'..
########)##
#...
##..>.E≈.##
#... $
#@.$≈E≈≈##
#...
##.≈≈e≈#'##
##..
#.≈≈*≈##.##
###
####+####.##
#.# ##.##
#.# ##.##
#.# ##.##
#(# ##.###
'# ##'#.


You could see 2 friendly water elementals, a friendly deep elf mage (unaware)
and a friendly battlesphere.

Vanquished Creatures
  Nikola (Elf:1)
  Asterion (Elf:2)
  Donald (Elf:1)
  An orc warlord (Orc:2)
  A deep elf demonologist (Elf:1)
  A minotaur (Lab)
  Snorg (Orc:1)
  4 vault guards (D:14)
  Harold (D:12)
  Erolcha (Orc:2)
  3 hydras
  3 centaur warriors (D:14)
  2 ogre magi
  A tengu warrior (D:11)
  11 two-headed ogres
  4 dancing weapons (Elf:2)
  An orc high priest (Orc:2)
  9 deep elf knights
  A fire crab (shapeshifter) (D:15)
  3 unseen horrors
  An obsidian statue (D:13)
  A wizard (D:14)
  6 deep elf archers
  An orc knight (D:14)
  7 ugly things
  6 orc sorcerers
  A shining eye (Elf:1)
  2 manticores
  2 cyclopes (D:14)
  2 centaur zombies
  23 deep elf magi
  4 naga magi
  3 gargoyles
  A komodo dragon (D:15)
  A freezing wraith (D:15)
  A tengu conjurer (D:14)
  A troll (shapeshifter) (Elf:1)
  2 hornets
  5 trolls
  3 slime creatures (D:12)
  7 hippogriffs
  A wraith (D:14)
  2 air elementals
  Sigmund (D:4)
  A redback (Lab)
  A shadow (D:11)
  2 water elementals (Elf:1)
  A tarantella (shapeshifter) (D:14)
  13 yaks
  2 wyverns
  2 basilisks (D:14)
  8 vampire mosquitoes
  7 hungry ghosts
  2 wargs (Orc:2)
  Menkaure (D:5)
  An acid dragon (D:12)
  16 water moccasins
  37 orc warriors
  A swamp drake (D:13)
  A phantom (D:10)
  3 ice beasts
  6 sky beasts
  12 ogres
  A black bear (D:5)
  20 centaurs
  A crocodile (Sewer)
  14 bullfrogs
  An earth elemental (Elf:1)
  A wyvern skeleton (D:8)
  9 killer bees (D:10)
  6 scorpions
  22 wights
  3 howler monkeys
  4 crimson imps
  A bullfrog zombie (D:12)
  5 hounds
  25 orc wizards
  A quasit (D:6)
  A bullfrog skeleton (D:10)
  20 orc priests
  9 centaur skeletons
  5 jellies
  6 iguanas
  12 worker ants
  2 worker ant zombies
  8 gnolls
  25 adders
  2 shadow imps
  3 adder skeletons
  2 worms (D:2)
  3 dart slugs (D:1)
  3 leopard geckos
  111 orcs
  6 giant cockroaches
  4 goblins
  11 hobgoblins
  6 jackals
  8 quokkas
  3 bats
  4 frilled lizards
  6 kobolds
  A leopard gecko zombie (D:8)
  A quokka zombie (D:6)
  7 rats
635 creatures vanquished.

Vanquished Creatures (collateral kills)
  3 dancing weapons (Elf:2)
  An orc warrior (D:6)
4 creatures vanquished.

Vanquished Creatures (others)
  14 dancing weapons
  5 deep elf knights
19 creatures vanquished.

Grand Total: 658 creatures vanquished

Notes
Turn   | Place    | Note
-------+----------+-------------------------------------------
     0 | D:1      | Amnesiac the Spriggan Artificer began the quest for the Orb.
     0 | D:1      | Reached XP level 1. HP: 9/9 MP: 4/4
   215 | D:3      | Reached XP level 2. HP: 11/14 MP: 6/6
   283 | D:4      | Noticed a bullfrog
   382 | D:4      | Killed a bullfrog
   382 | D:4      | Reached skill level 6 in Evocations
   382 | D:4      | Reached XP level 3. HP: 13/17 MP: 6/8
   382 | D:4      | Reached XP level 4. HP: 16/21 MP: 6/9
   401 | D:3      | Found a glowing drain.
   408 | Sewer    | Entered a sewer
   698 | Sewer    | Noticed a crocodile
   713 | Sewer    | Killed a crocodile
   713 | Sewer    | Reached skill level 7 in Evocations
   713 | Sewer    | Reached XP level 5. HP: 25/25 MP: 11/11
   916 | D:4      | Noticed Sigmund
   918 | D:4      | Killed Sigmund
   918 | D:4      | Reached skill level 9 in Evocations
   918 | D:4      | Reached XP level 6. HP: 29/29 MP: 11/13
   987 | D:4      | Found a snail-covered altar of Cheibriados.
   989 | D:4      | Found a radiant altar of Vehumet.
   993 | D:4      | Found a shattered altar of Ashenzari.
  1174 | D:4      | Reached skill level 10 in Evocations
  1664 | D:4      | Reached XP level 7. HP: 20/32 MP: 15/15
  1828 | D:5      | Entered Level 5 of the Dungeon
  1872 | D:5      | Noticed Menkaure
  1883 | D:5      | Killed Menkaure
  1883 | D:5      | Reached skill level 11 in Evocations
  2281 | D:5      | Found a staircase to the Ecumenical Temple.
  2341 | D:5      | Reached skill level 12 in Evocations
  2459 | Temple   | Entered the Ecumenical Temple
  2840 | Temple   | Became a worshipper of Gozag Ym Sagoz the Greedy
  2910 | D:5      | Reached XP level 8. HP: 37/37 MP: 18/18
  5259 | D:5      | Found a blossoming altar of Fedhas.
  5303 | D:5      | Reached skill level 13 in Evocations
  5444 | D:5      | Reached skill level 5 in Dodging
  5559 | D:5      | Reached skill level 1 in Fighting
  6201 | D:6      | Reached XP level 9. HP: 27/46 MP: 19/19
  6222 | D:6      | Reached skill level 5 in Fighting
  7826 | D:7      | Reached skill level 14 in Evocations
  8262 | D:8      | Noticed a two-headed ogre
  8272 | D:8      | Killed a two-headed ogre
  8272 | D:8      | Reached XP level 10. HP: 53/53 MP: 20/22
  8536 | D:8      | Found a shadowy altar of Dithmenos.
  8568 | D:8      | Reached skill level 15 in Evocations
  8618 | D:8      | Learned a level 1 spell: Animate Skeleton
  8620 | D:8      | Learned a level 1 spell: Apportation
  8622 | D:8      | Learned a level 1 spell: Confusing Touch
  8624 | D:8      | Learned a level 1 spell: Summon Small Mammal
  8976 | D:8      | Noticed a two-headed ogre
  9004 | D:8      | Killed a two-headed ogre
  9653 | D:9      | Found a staircase to the Lair.
  9708 | D:9      | Reached skill level 16 in Evocations
 10036 | D:10     | Entered Level 10 of the Dungeon
 10051 | D:10     | Noticed a two-headed ogre
 10702 | D:10     | Killed a two-headed ogre
 10702 | D:10     | Reached skill level 5 in Short Blades
 10702 | D:10     | Reached skill level 5 in Stealth
 11350 | D:10     | Reached XP level 11. HP: 21/56 MP: 22/24
 11766 | D:11     | Learned a level 2 spell: Sticks to Snakes
 11822 | D:11     | Noticed a two-headed ogre
 11840 | D:11     | Killed a two-headed ogre
 12549 | D:11     | Noticed a tengu warrior
 12559 | D:11     | Killed a tengu warrior
 12750 | D:12     | Found a staircase to the Orcish Mines.
 12776 | D:12     | Found a labyrinth entrance.
 12949 | Lab      | Entered a labyrinth
 13140 | Lab      | Noticed a minotaur
 13497 | Lab      | Killed a minotaur
 13497 | Lab      | Reached skill level 17 in Evocations
 13507 | Lab      | Got a slimy shortbow {venom}
 13527 | Lab      | Identified Iwni's Compendium of Ashen Cold
 13529 | Lab      | Identified the +8 shortbow "Icuwuy" {venom, Str+7 Int+2 Dex-5} (You took it off a minotaur in a labyrinth)
 14022 | D:12     | Reached skill level 10 in Dodging
 14423 | D:12     | Reached XP level 12. HP: 61/61 MP: 25/25
 15127 | D:13     | Noticed a four-headed hydra
 15153 | D:12     | Killed a four-headed hydra
 15153 | D:12     | Reached skill level 18 in Evocations
 15608 | D:13     | Noticed a five-headed hydra
 15801 | D:13     | Killed a five-headed hydra
 16268 | D:13     | Noticed a four-headed hydra
 16313 | D:13     | Killed a four-headed hydra
 16413 | D:13     | Reached skill level 19 in Evocations
 16855 | D:13     | Got a brightly glowing dagger
 16922 | D:13     | Identified the cursed +2 dagger "Meusa" {pierce, rF+ rC+ Str+6 Stlth+} (You found it on level 13 of the Dungeon)
 16926 | D:14     | Identified a paperback manual
 17025 | D:14     | Noticed a centaur warrior
 17031 | D:14     | Killed a centaur warrior
 17480 | D:14     | Reached XP level 13. HP: 45/67 MP: 27/27
 17907 | D:14     | Reached skill level 20 in Evocations
 18694 | D:14     | Got a scorched dagger
 19023 | D:14     | Identified the cursed +1 dagger of Entrepreneurial Spirit {pierce, Int+8} (You found it on level 14 of the Dungeon)
 19135 | D:14     | Reached skill level 21 in Evocations
 19353 | D:14     | Found a gate to the Vaults.
 19401 | D:14     | Got a translucent spear
 19754 | D:15     | Entered Level 15 of the Dungeon
 19862 | D:15     | Found a deep blue altar of Sif Muna.
 20389 | D:15     | Found an opulent altar of Gozag.
 21790 | D:15     | Found a staircase to the Depths.
 22200 | D:15     | Reached skill level 22 in Evocations
 22200 | D:15     | Reached XP level 14. HP: 51/75 MP: 22/30
 22749 | Depths:1 | Entered Level 1 of the Depths
 22749 | Depths:1 | Found a one-way gate to the infinite horrors of the Abyss.
 22979 | Orc:1    | Entered Level 1 of the Orcish Mines
 22979 | Orc:1    | Noticed Harold
 22993 | D:12     | Killed Harold
 23988 | Orc:1    | Noticed Snorg
 24022 | Orc:1    | Killed Snorg
 24160 | Orc:2    | Entered Level 2 of the Orcish Mines
 24190 | Orc:2    | Noticed Erolcha
 24203 | Orc:2    | Killed Erolcha
 24255 | Orc:2    | Found a staircase to the Elven Halls.
 25084 | Orc:2    | Found Ogryaqia's Food Shop.
 25578 | Orc:2    | Noticed an orc warlord
 25608 | Orc:2    | Killed an orc warlord
 25652 | Orc:2    | Reached skill level 10 in Fighting
 25843 | Orc:2    | Found Weneklo's Antique Armour Emporium.
 25845 | Orc:2    | Found a roughly hewn altar of Beogh.
 25849 | Orc:2    | Found Gyori's Antique Weapon Shoppe.
 25936 | Orc:2    | Found a roughly hewn altar of Beogh.
 25990 | Orc:2    | Found a roughly hewn altar of Beogh.
 26058 | Orc:2    | Found Axkujoy's Gadget Shoppe.
 26067 | Orc:2    | Reached skill level 23 in Evocations
 26304 | Orc:2    | Found a roughly hewn altar of Beogh.
 26305 | Orc:2    | Found Ablox's Weapon Boutique.
 26490 | Orc:2    | Found a roughly hewn altar of Beogh.
 26709 | Orc:2    | Bought an ancient robe for 193 gold pieces
 26719 | Orc:2    | Identified the +2 robe of Aclorphoaq {Slay+5} (You bought it in a shop on level 2 of the Orcish Mines)
 26733 | Orc:2    | Identified the cursed +1 spear of Checks and Balances {elec, *Slow rN++} (You found it on level 14 of the Dungeon)
 26801 | Elf:1    | Entered Level 1 of the Elven Halls
 27040 | Elf:1    | Found Qer Own's Gadget Shoppe.
 27073 | Elf:1    | Gained mutation: Your magical capacity is low. (-10% MP) [a shining eye]
 27160 | Elf:1    | Found a shimmering altar of Xom.
 27587 | Orc:2    | Bought a box of beasts for 200 gold pieces
 27587 | Orc:2    | Bought a lamp of fire for 400 gold pieces
 27587 | Orc:2    | Bought a wand of iceblast (12) for 160 gold pieces
 27587 | Orc:2    | Bought a phial of floods for 400 gold pieces
 27587 | Orc:2    | Bought a wand of paralysis (9) for 110 gold pieces
 27587 | Orc:2    | Bought a wand of acid (8) for 240 gold pieces
 27587 | Orc:2    | Bought a wand of flame (24) for 130 gold pieces
 27587 | Orc:2    | Bought a wand of flame (24) for 130 gold pieces
 27587 | Orc:2    | Bought a wand of enslavement (17) for 190 gold pieces
 27587 | Orc:2    | Bought a wand of digging (4) for 160 gold pieces
 27645 | Elf:1    | Bought a sack of spiders for 320 gold pieces
 27645 | Elf:1    | Bought a sack of spiders for 320 gold pieces
 27645 | Elf:1    | Bought a wand of acid (4) for 256 gold pieces
 27645 | Elf:1    | Bought a wand of iceblast (6) for 160 gold pieces
 27645 | Elf:1    | Bought a wand of disintegration (13) for 272 gold pieces
 27733 | Elf:1    | Noticed Asterion
 27750 | Elf:1    | Noticed a balrug
 28137 | Elf:1    | Noticed Donald
 28318 | Elf:1    | Noticed Nikola
 28365 | Elf:1    | Killed Donald
 29584 | Elf:1    | Killed Nikola
 30096 | Elf:1    | Reached XP level 15. HP: 81/81 MP: 28/28
 30359 | Elf:1    | Reached skill level 24 in Evocations
 30790 | Elf:1    | Learned a level 2 spell: Passwall
 31098 | Elf:2    | Found a deep blue altar of Sif Muna.
 31121 | Elf:2    | Killed Asterion
 31319 | Elf:2    | Fell from the grace of Gozag
 31454 | Elf:2    | Found a huge runed gate.
 31454 | Elf:2    | Found a huge runed gate.
 31454 | Elf:2    | Found a huge runed gate.
 31455 | Elf:2    | Found a huge runed gate.
 31456 | Elf:2    | Found a huge runed gate.
 31916 | D:15     | Became a worshipper of Gozag Ym Sagoz the Greedy
 32548 | Elf:2    | Reached skill level 25 in Evocations
 32708 | Elf:2    | Killed from afar by a deep elf mage

Vault maps used:
D:1:      minmay_arrival_four_loops
D:2:      first_ration
D:3:      portal_sewer_entry_b
D:4:      minitemple, kennysheep_generic_room_6, uniq_sigmund
D:5:      minmay_temple_entry_crystal_x, fedhas_altar_1, uniq_menkaure
D:6:      minivault_10
D:8:      nicolae_dithmenos_shadow_blocks
D:9:      lair_entry_dummy
D:11:     grunt_tengu_nest
D:12:     orc_0_dummy, lab_entry_generic
D:13:     lemuel_reptile_caves, minivault_16
D:14:     grunt_vaults_entry_fortified, hex_medium
D:15:     grunt_enter_depths_magical_seal, basic_altar,
          nicolae_gozag_seed_capital
Temple:   dpeg_five_rooms_temple
Orc:1:    uniq_harold, uniq_snorg
Orc:2:    grunt_orc_community_town_hall, grunt_orc_community_big_house_1,
          grunt_orc_community_big_house_1, grunt_orc_community_house_2,
          grunt_orc_community_house_1, grunt_orc_community_house_3,
          grunt_orc_community_house_3, serial_shops, shop, basic_altar,
          nicolae_orc_flooded_monolith, uniq_erolcha
Elf:1:    serial_shops, nicolae_shop_behind_doors, basic_altar,
          evilmike_minifort, uniq_asterion, uniq_nikola, uniq_donald
Elf:2:    basic_altar
Depths:1: minmay_fractal_lines_corner, abyss_entry, hell_entry,
          grunt_pan_entry_sceptre, serial_shops,
          nicolae_shop_overgrown_old_shop, enter_trove_1,
          kennysheep_generic_room_7
Lab:      nicolae_lab_dead_adventurers, nicolae_lab_garden, nicolae_lab_x,
          nicolae_lab_stuck, nicolae_lab_hexagon, lab_statue
Sewer:    sewer_the_crocodile

Skill      XL: |  1  2  3  4  5  6  7  8  9 10 11 12 13 14 15 |
---------------+----------------------------------------------+-----
Evocations     | 6 7 9 10 12 13 14 16 17 19 22 23 25 | 25.2
Dodging        | 5 6 8 10 11 | 11.0
Fighting       | 4 6 7 9 10 11 | 11.6
Stealth        | 2 6 8 |  8.3
Short Blades   | 2 5 8 |  8.3

Action                   |  1- 3 |  4- 6 |  7- 9 | 10-12 | 13-15 || total
-------------------------+-------+-------+-------+-------+-------++-------
Melee: Short sword       |    13 |    15 |   149 |       |       ||   177
       Quarterstaff      |       |       |   280 |    10 |       ||   290
       Dagger            |       |       |   119 |   869 |    21 ||  1009
       Unarmed           |       |       |       |     7 |     1 ||     8
       Quick blade       |       |       |       |       |   194 ||   194
 Fire: Hand crossbow     |       |    54 |   168 |     1 |       ||   223
       Shortbow          |       |       |       |   360 |  1062 ||  1422
 Cast: Confusing Touch   |       |       |       |     1 |     1 ||     2
       Sticks to Snakes  |       |       |       |     1 |       ||     1
Invok: Potion Petition   |       |       |       |       |     1 ||     1
       Renounce Religion |       |       |       |       |     1 ||     1
Evoke: Wand              |     7 |     7 |    35 |    47 |    23 ||   119
       Lightning rod     |       |       |       |     4 |     3 ||     7
       Lamp of fire      |       |       |       |       |     2 ||     2
       Phial of floods   |       |       |       |       |     2 ||     2
       Sack of spiders   |       |       |       |       |     2 ||     2
  Use: Scroll            |       |       |    13 |     9 |     9 ||    31
       Potion            |       |       |       |     4 |     7 ||    11
 Stab: Sleeping          |     1 |       |    13 |    37 |     3 ||    54
       Paralysed         |       |       |     4 |     1 |       ||     5
       Distracted        |       |       |     2 |     6 |     2 ||    10
       Confused          |       |       |     1 |       |     2 ||     3
       Invisible         |       |       |       |       |     5 ||     5
  Eat: Ration            |       |       |     4 |     5 |     9 ||    18
Armor: Robe              |     2 |     7 |    93 |    59 |    32 ||   193
Dodge: Dodged            |    14 |    55 |   557 |   928 |   580 ||  2134
Block: Buckler           |       |       |       |       |     4 ||     4

Table legend:
 A = Spawn XP
 B = Non-spawn XP
 C = Spawn XP percentage of total XP
 D = Spawn monster count
 E = Non-spawn monster count
 F = Spawn count percentage of total count
 G = Total turns spent on level
                    A         B        C        D         E        F      G
               +---------+---------+-------+---------+---------+-------+---------
         Total |       0 |  138139 |   0.0 |       0 |     658 |   0.0 | 32708
               +---------+---------+-------+---------+---------+-------+---------
           D:1 |       0 |      32 |   0.0 |       0 |      13 |   0.0 |   645
           D:2 |       0 |      57 |   0.0 |       0 |      23 |   0.0 |   698
           D:3 |       0 |     113 |   0.0 |       0 |      21 |   0.0 |  1070
           D:4 |       0 |     619 |   0.0 |       0 |      17 |   0.0 |  1259
           D:5 |       0 |    1299 |   0.0 |       0 |      27 |   0.0 |  1750
           D:6 |       0 |    1323 |   0.0 |       0 |      33 |   0.0 |  1092
           D:7 |       0 |    1281 |   0.0 |       0 |      20 |   0.0 |  1068
           D:8 |       0 |    2804 |   0.0 |       0 |      20 |   0.0 |  1218
           D:9 |       0 |     724 |   0.0 |       0 |      14 |   0.0 |   587
          D:10 |       0 |    2677 |   0.0 |       0 |      32 |   0.0 |  1655
          D:11 |       0 |    4253 |   0.0 |       0 |      25 |   0.0 |  1095
          D:12 |       0 |    8504 |   0.0 |       0 |      45 |   0.0 |  2781
          D:13 |       0 |    7635 |   0.0 |       0 |      43 |   0.0 |  1967
          D:14 |       0 |   24861 |   0.0 |       0 |      71 |   0.0 |  3817
          D:15 |       0 |   12054 |   0.0 |       0 |      31 |   0.0 |  2002
         Orc:1 |       0 |    2487 |   0.0 |       0 |      36 |   0.0 |   853
         Orc:2 |       0 |   11376 |   0.0 |       0 |      98 |   0.0 |  2775
         Elf:1 |       0 |   24996 |   0.0 |       0 |      33 |   0.0 |  3567
         Elf:2 |       0 |   28336 |   0.0 |       0 |      42 |   0.0 |  1362
           Lab |       0 |    2598 |   0.0 |       0 |       8 |   0.0 |   653
         Sewer |       0 |     110 |   0.0 |       0 |       6 |   0.0 |   361
               +---------+---------+-------+---------+---------+-------+---------
